 Dungeon Crawl Stone Soup version 0.24-a0-506-g958ff8eaa0 (webtiles) character file.

Game seed: 18187239792147731349

5594 Gargoyl the Covered (level 10, -4/81 HPs)
             Began as a Centaur Abyssal Knight on July 18, 2019.
             Was an Elder of Lugonu.
             Slain by a komodo dragon (26 damage)
             ... on level 9 of the Dungeon.
             The game lasted 00:17:11 (13503 turns).

Gargoyl the Covered (Centaur Abyssal Knight)       Turns: 13503, Time: 00:17:12

Health: -4/81      AC: 12    Str: 16    XL:     10   Next: 45%
Magic:  15/15      EV:  6    Int: 11    God:    Lugonu [****..]
Gold:   464        SH:  3    Dex: 11    Spells: 9/9 levels left

rFire    . . .     SeeInvis .   q - +6 hand axe
rCold    . . .     Gourm    .   A - +0 buckler
rNeg     . . .     Faith    .   e - +2 chain mail
rPois    +         Spirit   .   (no helmet)
rElec    .         Reflect  .   (no cloak)
rCorr    .         Harm     .   g - +0 pair of gloves
MR       .....                  (no barding)
Stlth    ..........             (no amulet)
HPRegen  0.23/turn              p - ring of stealth
MPRegen  0.14/turn              u - ring of poison resistance

@: very quick
A: large, hooves 3, deformed body, speed 2, tough skin 3
a: Depart the Abyss, Bend Space, Banish, Corrupt, Renounce Religion


You were on level 9 of the Dungeon.
You worshipped Lugonu.
Lugonu was greatly pleased with you.
You were not hungry.

You visited 1 branch of the dungeon, and saw 10 of its levels.
You visited the Abyss 1 time.

You collected 464 gold pieces.

Inventory:

Hand Weapons
 a - a +1 hand axe
 q - a +6 hand axe (weapon)
Armour
 e - a +2 chain mail (worn)
 g - a +0 pair of gloves (worn)
 A - a +0 buckler (worn)
Jewellery
 n - an uncursed ring of resist corrosion
 p - a ring of stealth (left hand)
 u - a ring of poison resistance (right hand)
Wands
 h - a wand of flame (15)
 k - a wand of polymorph (7)
 y - a wand of digging (5)
Scrolls
 b - 2 scrolls of identify
 f - 8 scrolls of teleportation
 s - 3 scrolls of remove curse
Potions
 i - 2 potions of flight
 j - a potion of brilliance
 l - 3 potions of resistance
 m - a potion of agility
 o - a potion of might {unknown}
 r - a potion of curing
 t - a potion of cancellation
 v - a potion of lignification
 z - a potion of magic
Comestibles
 c - 12 rations


   Skills:
 + Level 5.5 Fighting
   Level 5.6 Short Blades
 + Level 2.1 Axes
 * Level 7.2 Armour
 * Level 4.2 Dodging
 * Level 3.4 Stealth
 + Level 0.9 Shields
 * Level 6.7 Invocations
 + Level 0.3 Evocations


You had 9 spell levels left.
You didn't know any spells.
Your spell library was empty.

Dungeon Overview and Level Annotations

Branches:
Dungeon (10/15)            Temple (0/1) D:4
   Lair: D:8-11         Orc: D:9-12

Altars:
Cheibriados
Dithmenos
Fedhas
Hepliaklqana
Kikubaaqudgha
Nemelex Xobeh
Okawaru
Qazlal
Ru
Sif Muna
Uskayaw
Wu Jian
Xom
Yredelemnul
The Shining One

Shops:
D:9 %

Annotations:
Abyss:1 Prince Ribbit


Innate Abilities, Weirdness & Mutations

You have hooves in place of feet.
Armour fits poorly on your strangely shaped body.
You cover ground very quickly.
You have extremely tough skin. (AC +3)


Message History

You kick the komodo dragon, but do no damage.
The komodo dragon bites you!!
You hit the komodo dragon.
You kick the komodo dragon, but do no damage.
The komodo dragon is lightly wounded.
The komodo dragon bites you but does no damage.
You hit the komodo dragon.
You kick the komodo dragon, but do no damage.
The komodo dragon is lightly wounded.
The komodo dragon bites you!!
You hit the komodo dragon. You kick the komodo dragon.
The komodo dragon is moderately wounded.
The komodo dragon bites you!
* * * LOW HITPOINT WARNING * * *
The komodo dragon bites you.
* * * LOW HITPOINT WARNING * * *
You barely miss the komodo dragon. You kick the komodo dragon.
The komodo dragon is heavily wounded.
The komodo dragon bites you!!
You die...

####..# #.#### ###'##
###'######## #....#
#..........# #....#
#...∩......# #....#
#..........# #....#
#..........# #....#
#..........#
#....#####..........###
#....'†@l#..........'.##
#....###.'..........#..#
#....# ###..........##..
#....# #........>.####
###'## ####'####### #
##.# #..# #..# ##.##
#####'#### #..#
#........# #####'###


You could see a komodo dragon.

Vanquished Creatures
  A two-headed ogre (D:9)
  Joseph (D:8)
  A troll (D:9)
  A hippogriff (D:8)
  Eustachio (D:5)
  A steam dragon (D:8)
  A soldier ant (D:9)
  2 ice beasts
  4 phantoms
  5 ogres
  2 centaurs
  A big kobold (D:7)
  6 bullfrogs
  3 scorpions
  A killer bee (D:6)
  9 wights
  4 howler monkeys
  2 centaur zombies
  3 crimson imps
  3 centaur skeletons
  2 gnoll shamans (D:4)
  A hound (D:4)
  2 jellies
  5 orc priests
  5 orc wizards
  A bullfrog skeleton (D:8)
  3 worker ants
  28 gnolls (D:4)
  9 adders
  An ooze (D:1)
  An adder zombie (D:7)
  An adder skeleton (D:9)
  4 worms (D:3)
  3 dart slugs
  3 leopard geckos
  21 orcs
  A ball python (D:1)
  7 giant cockroaches
  4 goblins
  10 hobgoblins
  22 jackals
  5 quokkas
  4 bats
  3 frilled lizards
  13 kobolds
  A quokka skeleton (D:5)
  9 rats
221 creatures vanquished.

Vanquished Creatures (others)
  A steam dragon (D:9)
  An orc warrior (D:8)
  2 killer bees (D:5)
  An adder skeleton (D:8)
5 creatures vanquished.

Grand Total: 226 creatures vanquished

Notes
Turn   | Place    | Note
-------+----------+-------------------------------------------
     0 | Abyss:1  | Gargoyl the Centaur Abyssal Knight began the quest for the
                  | Orb.
     0 | Abyss:1  | Reached XP level 1. HP: 19/19 MP: 2/2
    44 | Abyss:1  | Noticed an eidolon
    64 | Abyss:1  | Noticed a small abomination
   121 | Abyss:1  | Noticed an ice dragon zombie
   124 | Abyss:1  | Noticed a shadow dragon simulacrum
   140 | Abyss:1  | Noticed a wolf spider zombie
   141 | Abyss:1  | Noticed a small abomination
   146 | Abyss:1  | Noticed a large abomination
   155 | D:1      | Escaped the Abyss
   356 | D:1      | Reached * piety under Lugonu
   362 | D:1      | Reached XP level 2. HP: 22/26 MP: 3/3
   972 | D:2      | Reached XP level 3. HP: 31/31 MP: 4/4
  1014 | D:2      | Reached skill level 2 in Armour
  1633 | D:3      | Reached ** piety under Lugonu
  1668 | D:3      | Reached skill level 1 in Dodging
  1668 | D:3      | Reached XP level 4. HP: 36/38 MP: 5/5
  1960 | D:3      | Found a shimmering altar of Xom.
  1962 | D:3      | Found a snail-covered altar of Cheibriados.
  1962 | D:3      | Found a shimmering altar of Xom.
  1964 | D:3      | Found a hazy altar of Hepliaklqana.
  1964 | D:3      | Found a sparkling altar of Nemelex Xobeh.
  1964 | D:3      | Found a shadowy altar of Dithmenos.
  2081 | D:3      | Reached skill level 1 in Short Blades
  2100 | D:3      | HP: 1/40 [orc wizard/magic dart (4)]
  2104 | D:3      | Reached XP level 5. HP: 2/46 MP: 6/6
  2634 | D:3      | Reached skill level 3 in Armour
  3283 | D:4      | Reached XP level 6. HP: 45/52 MP: 8/8
  3472 | D:4      | Reached *** piety under Lugonu
  3511 | D:4      | Found an iron altar of Okawaru.
  3541 | D:4      | Found a sacrificial altar of Ru.
  3595 | D:4      | Found a basalt altar of Yredelemnul.
  3932 | D:4      | Found a deep blue altar of Sif Muna.
  3935 | D:4      | Found a staircase to the Ecumenical Temple.
  3968 | D:4      | Reached XP level 7. HP: 49/59 MP: 9/9
  4622 | D:4      | Reached skill level 1 in Stealth
  5077 | D:4      | Reached skill level 4 in Armour
  5591 | D:4      | Reached **** piety under Lugonu
  5724 | D:5      | Entered Level 5 of the Dungeon
  5937 | D:5      | Reached XP level 8. HP: 64/67 MP: 11/11
  6073 | D:5      | Found a stormy altar of Qazlal.
  6157 | D:5      | Noticed Eustachio
  6163 | D:5      | Killed Eustachio
  6404 | D:6      | Noticed Prince Ribbit
  6905 | D:5      | Banished Prince Ribbit
  7299 | D:5      | Reached skill level 5 in Armour
  7395 | D:6      | Reached skill level 5 in Invocations
  7719 | D:6      | Found a shadowy altar of Dithmenos.
  7778 | D:6      | Reached XP level 9. HP: 24/73 MP: 12/12
  7798 | D:6      | Found a glowing golden altar of the Shining One.
  8166 | D:6      | Found an ancient bone altar of Kikubaaqudgha.
  8316 | D:6      | Found a blossoming altar of Fedhas.
  8554 | D:7      | Reached skill level 5 in Fighting
  8895 | D:7      | Found a sparkling altar of Nemelex Xobeh.
  9058 | D:7      | Reached skill level 5 in Short Blades
  9153 | D:7      | Found a snail-covered altar of Cheibriados.
  9506 | D:7      | Reached skill level 6 in Armour
 10632 | D:8      | Noticed Joseph
 10650 | D:8      | Killed Joseph
 10650 | D:8      | Reached XP level 10. HP: 72/81 MP: 14/14
 11366 | D:8      | Found a hide-covered altar of Uskayaw.
 11636 | D:8      | Found an ornate altar of the Wu Jian Council.
 11915 | D:9      | Noticed a two-headed ogre
 12658 | D:9      | Killed a two-headed ogre
 12658 | D:9      | Reached skill level 7 in Armour
 13252 | D:9      | Found Jomereol's Food Shoppe.
 13409 | D:10     | Entered Level 10 of the Dungeon
 13503 | D:9      | Slain by a komodo dragon

Levels and vault maps discovered:
D:1:      wheals_arrival_linesprint, layout_rooms
D:2:      layout_rooms
D:3:      mumra_celtic_spiral_tile, layout_basic, doesnt_xom_only_xom,
          first_ration
D:4:      lemuel_castle_with_subvaults [lemuel_castle_interior_carwin_2],
          layout_basic, kennysheep_mini_moat, kennysheep_okawaru_gauntlet,
          lemuel_crystal_altar, nicolae_ru_path_of_blood,
          minmay_temple_entry_overgrown
D:5:      layout_loops_ring, nicolae_qazlal_eye_of_the_storm, uniq_eustachio
D:6:      layout_basic, nicolae_tso_carved_into_rock, fedhas_altar_3,
          kiku_gazebo_pond_becter, nicolae_dithmenos_the_darkroom,
          minmay_misc_feat_rows, uniq_prince_ribbit1
D:7:      layout_loops_cross, nemelex_xobeh_ov_fountains_minmay, basic_altar,
          chequers_arboretum
D:8:      layout_layer_cave, lemuel_coloured_pillars_altar, marbit_many_paths,
          uniq_joseph
D:9:      layout_roguey, serial_shops, shop
D:10:     layout_rooms, grunt_lair_entry_orc_guard_hut, uniq_fannar,
          uniq_maurice

Skill      XL: |  1  2  3  4  5  6  7  8  9 10 |
---------------+-------------------------------+-----
Armour         | 2 3 4 5 6 7 |  7.2
Axes           | 2 |  2.1
Dodging        | 1 2 3 4 |  4.2
Short Blades   | 1 2 3 4 5 |  5.6
Invocations    | 3 4 5 6 |  6.7
Fighting       | 4 5 |  5.5
Stealth        | 1 2 3 |  3.4
Shields        | |  0.9
Evocations     | |  0.3

Action                   |  1- 3 |  4- 6 |  7- 9 | 10-12 || total
-------------------------+-------+-------+-------+-------++-------
Melee: Hand axe          |    24 |       |       |    41 ||    65
       Kick              |    21 |    22 |    97 |    27 ||   167
       Short sword       |   116 |   143 |   447 |    50 ||   756
Invok: Depart the Abyss  |     1 |       |       |       ||     1
       Banish            |       |       |     4 |     2 ||     6
       Bend Space        |       |       |     1 |     1 ||     2
Evoke: Wand              |       |       |       |     5 ||     5
  Use: Potion            |       |     1 |     1 |       ||     2
       Scroll            |       |     8 |     7 |     6 ||    21
  Eat: Chunk             |     1 |     6 |     9 |     6 ||    22
       Ration            |       |       |     3 |     1 ||     4
Armor: Chain mail        |    99 |    66 |   308 |    69 ||   542
       Skin              |       |     9 |       |       ||     9
Dodge: Dodged            |    28 |    24 |   113 |    21 ||   186
Block: Buckler           |       |       |     5 |    27 ||    32

Table legend:
 A = Non-vault XP
 B = Vault XP
 C = Vault XP percentage of total XP
 D = Non-vault monster count
 E = Vault monster count
 F = Vault count percentage of total count
                 A         B        C        D         E       F
            +---------+---------+-------+---------+---------+-------
      Total |    6480 |    1512 |  18.9 |     173 |      53 |  23.5
            +---------+---------+-------+---------+---------+-------
        D:1 |      36 |       0 |   0.0 |      17 |       0 |   0.0
        D:2 |      39 |       0 |   0.0 |      22 |       0 |   0.0
        D:3 |     278 |       0 |   0.0 |      32 |       0 |   0.0
        D:4 |     388 |     630 |  61.9 |       9 |      49 |  84.5
        D:5 |     714 |     326 |  31.3 |      21 |       2 |   8.7
        D:6 |     788 |       0 |   0.0 |      15 |       0 |   0.0
        D:7 |     848 |       0 |   0.0 |      21 |       0 |   0.0
        D:8 |    1575 |     556 |  26.1 |      26 |       2 |   7.1
        D:9 |    1814 |       0 |   0.0 |      10 |       0 |   0.0
            +---------+---------+-------+---------+---------+-------
